 Dungeon Crawl Stone Soup version 0.27-a0-1500-g450c7e4133 (webtiles) character file.

Game seed: 6617214649477414626

180 lunkers the Insei (level 5, -1/32 (38) HPs)
             Began as a Djinni Warper on July 8, 2021.
             Slain by an ice beast (2 damage)
             ... on level 6 of the Dungeon.
             The game lasted 00:02:40 (3461 turns).

lunkers the Insei (Djinni Warper)                   Turns: 3461, Time: 00:02:41

HP:   -1/32 (38)    AC:  3    Str: 10    XL:     5   Next: 91%
Gold: 65            EV: 11    Int: 22    God:
                    SH:  3    Dex: 12

rFire    + + .     SeeInvis .   e - +1 short sword (drain)
rCold    x . .     Faith    .   h - +0 buckler
rNeg     . . .     Spirit   .   a - +0 leather armour
rPois    ∞         Reflect  .   (no helmet)
rElec    .         Harm     .   m - scarf {+Inv}
rCorr    .         Rampage  .   (no gloves)
Will     .....                  (boots unavailable)
Stlth    +.........             (no amulet)
HPRegen  0.10/turn              o - +6 ring of intelligence
MPRegen  0.00/turn              (no ring)

@: flying, very slightly contaminated, heavily drained, invisible
A: sickness immunity, fire resistance 2, cold vulnerability 1, float, innate
caster, hp casting, extra vitality 1
a: Evoke Invisibility


You were on level 6 of the Dungeon.
You visited 1 branch of the dungeon, and saw 4 of its levels.

You collected 65 gold pieces.

Inventory:

Hand Weapons
 e - a +1 short sword of draining (weapon)
Missiles
 c - 4 boomerangs of dispersal
Armour
 a - a +0 leather armour (worn)
 h - a +0 buckler (worn)
 m - a scarf of invisibility (worn)
Jewellery
 f - a +6 ring of strength
 o - a +6 ring of intelligence (left hand)
Scrolls
 b - a scroll of blinking
 j - 2 scrolls of identify {unknown}
 l - 2 scrolls of noise {unknown}
 n - a scroll of enchant armour {unknown}
Potions
 d - a potion of lignification {unknown}
 g - a potion of flight {unknown}
 i - 3 potions of berserk rage {unknown}
 k - a potion of might {unknown}


   Skills:
 - Level 2.0 Fighting
 - Level 0.7 Throwing
 - Level 1.0 Armour
 - Level 2.1 Dodging
 * Level 4.2 Unarmed Combat
 * Level 3.7 Spellcasting


You couldn't memorise any spells.
You knew the following spells:

 Your Spells              Type           Power      Damage    Failure   Level
a - Sting                 Tmut/Pois      80%        1d7       5%          1
b - Lesser Beckoning      Tloc           10%        N/A       17%         3
c - Gell's Gravitas       Tloc           10%        N/A       17%         3
d - Teleport Other        Tloc           20%        N/A       17%         3
e - Manifold Assault      Tloc           20%        N/A       83%         5
f - Call Imp              Summ           20%        N/A       9%          2
p - Blink                 Tloc           N/A        N/A       9%          2
Your spell library was empty.

Dungeon Overview and Level Annotations

Branches:
Dungeon (3/15)

Altars:
Gozag
Kikubaaqudgha
Wu Jian
Zin

Shops:
D:2 (


Innate Abilities, Weirdness & Mutations

You are immune to sickness and miasma.
You are immune to poison.
Your flesh is very heat resistant. (rF++)
You are vulnerable to cold. (rC-)
You float through the air rather than walking.
You learn spells naturally, not from books.
Your magical power is your life essence.
You have superior vitality. (+4 HP)


Message History

A bullfrog is nearby!
Casting: Sting (safe; 6% risk of failure)
Confirm with . or Enter, or press ? or * to list all spells.
The sting hits the bullfrog.
The bullfrog looks even sicker.
The bullfrog is heavily wounded.
An ice beast comes into view.
The bullfrog hits you.
Casting: Sting (safe; 6% risk of failure)
Confirm with . or Enter, or press ? or * to list all spells.
The sting misses the bullfrog.
You block the bullfrog's attack.
An iguana comes into view.
The bullfrog hits you.
Casting: Sting (safe; 6% risk of failure)
Confirm with . or Enter, or press ? or * to list all spells.
The sting hits the bullfrog.
The bullfrog looks even sicker.
The bullfrog is severely wounded.
The bullfrog hits you but does no damage.
A scorpion comes into view.
Casting: Sting (safe; 6% risk of failure)
Confirm with . or Enter, or press ? or * to list all spells.
The sting hits the bullfrog.
The bullfrog looks as sick as possible!
The bullfrog is severely wounded.
The bullfrog barely misses you. The bullfrog closely misses you.
You aren't carrying any items that you can evoke.
Unknown command.
There is an open door here.
You kill the bullfrog!
Your Unarmed Combat skill increases to level 4!
Okay, then.
You feel drained.
You fail to use your ability.
The ice beast hits you. The ice beast freezes you!!
You feel a terrible chill!
Ouch! That really hurt!
* * * LOW HITPOINT WARNING * * *
The scorpion stings the withered plant.
The withered plant begins to crumble.
You feel drained.
You fade into invisibility!
You are very lightly contaminated with residual magic.
The ice beast barely misses you.
You closely miss the ice beast. The ice beast hits you.
You die...

######l..... #...s..#
#.###..# #.# ..#
####'##.###.
##..lPP.....#
##PP.P.###.##.
#P.PPsY#.#
##.....@..#.# ..
#....#....#.. ..
#..P##.._.#.. ...
#..P.#....#.### #.#.
##...P....#.##.#
#.#.# #P.....#.#.#
#.#+#.#.#.
##.PP..###.#
#.....#.#
####.....)###+.†).#.#
###....)".#.....#


You could see an ice beast, a scorpion and an iguana.

Vanquished Creatures
  A bullfrog (D:6)
  A hound (D:6)
  A worm (D:2)
  A dart slug (D:1)
  8 orcs
  3 bats
  2 endoplasms
  2 giant cockroaches
  3 goblins
  3 hobgoblins (D:1)
  21 jackals
  3 kobolds (D:1)
  5 quokkas
  3 ball pythons
  2 frilled lizards
  4 rats
63 creatures vanquished.

Notes
Turn   | Place    | Note
-------+----------+-------------------------------------------
     0 | D:1      | lunkers the Djinni Warper began the quest for the Orb.
     0 | D:1      | Reached XP level 1. HP: 18/18 MP: 0/0
   126 | D:1      | Reached XP level 2. HP: 19/23 MP: 0/0
   456 | D:1      | Reached XP level 3. HP: 27/28 MP: 0/0
   456 | D:1      | Learned a level 1 spell: Sting
   921 | D:1      | Reached skill level 3 in Unarmed Combat
  1484 | D:2      | Found Wuevint's Antique Weapon Emporium.
  1815 | D:2      | Reached XP level 4. HP: 20/33 MP: 0/0
  2433 | D:3      | Found a glowing silver altar of Zin.
  3002 | D:3      | Found an ornate altar of the Wu Jian Council.
  3076 | D:3      | Found an opulent altar of Gozag.
  3102 | D:3      | You are sucked into a shaft and drop 3 floors!
  3117 | D:6      | Reached XP level 5. HP: 19/38 MP: 0/0
  3117 | D:6      | Learned a level 2 spell: Call Imp
  3444 | D:6      | Noticed a bullfrog
  3446 | D:6      | Noticed an ice beast
  3455 | D:6      | Killed a bullfrog
  3456 | D:6      | Reached skill level 4 in Unarmed Combat
  3461 | D:6      | Slain by an ice beast

Illustrated notes

Levels and vault maps discovered:
D:1:      mrwooster_arrival_statue_2, layout_basic
D:2:      layout_loops_ring, serial_shops, nicolae_shop_window_shopping,
          minmay_pentomino_q2
D:3:      layout_basic, general_overflow_altar, overflow_temple_1_default,
          nicolae_overflow_hidden_temple, gammafunk_temple_overflow_elements,
          chequers_ecumenical_altar_grove, uniq_jessica
D:6:      layout_basic, kiku_gazebo_garden_becter,
          hangedman_abyss_or_decor_lesser_grid, st_stairs_10, uniq_duvessa,
          uniq_pikel

Skill      XL: |  1  2  3  4  5 |
---------------+----------------+-----
Unarmed Combat | 3 4 |  4.2
Spellcasting   | 3 |  3.7
Fighting       | |  2.0
Throwing       | |  0.7
Armour         | |  1.0
Dodging        | |  2.1

Action                   |  1- 3 |  4- 6 || total
-------------------------+-------+-------++-------
Melee: Unarmed           |    49 |       ||    49
       Short sword       |    26 |    49 ||    75
Throw: Boomerang         |     1 |       ||     1
 Cast: Sting             |    43 |    42 ||    85
 Abil: Evoke Invisibilit |       |     1 ||     1
Armor: Leather armour    |    31 |    12 ||    43
Dodge: Dodged            |    67 |    40 ||   107
Block: Buckler           |     3 |     8 ||    11

Table legend: (Time is in decaauts)
 A = Elapsed time spent in this place.
 B = Non-inter-level travel time spent in this place.
 C = Inter-level travel time spent in this place.
 D = Time resting spent in this place.
 E = Time spent auto-exploring this place.
 F = Levels seen in this place.
 G = Mean time per level.
                   A        B        C        D        E       F      G
               +--------+--------+--------+--------+--------+-----+--------+
         Total |   3469 |   3341 |    128 |    293 |   2654 |   4 |  867.2 |
       Dungeon |   3469 |   3341 |    128 |    293 |   2654 |   4 |  867.2 |
               +--------+--------+--------+--------+--------+-----+--------+

Top non-repeatable levels by time:
     D:1: 1339 daAuts
     D:3: 891 daAuts
     D:2: 874 daAuts
     D:6: 363 daAuts
